 Dungeon Crawl Stone Soup version 0.28-a0-461-g2dc4ca5097 (webtiles) character file.

Game seed: 15179489903824657721

288 mg7810 the Ruffian (level 6, -1/72 HPs)
             Began as a Draconian Transmuter on Sept 13, 2021.
             Slain by a wight (5 damage)
             ... on level 4 of the Dungeon.
             The game lasted 00:12:02 (4141 turns).

mg7810 the Ruffian (Draconian Transmuter)           Turns: 4141, Time: 00:12:03

Health: -1/72      AC: 23    Str: 13    XL:     6   Next: 9%
Magic:  8/10       EV:  2    Int: 15    God:
Gold:   25         SH:  0    Dex: 11    Spells: 2/11 levels left

rFire   . . .      SeeInvis .   o - +0 long sword (vorpal)
rCold   . . .      Faith    +   (no shield)
rNeg    + + +      Spirit   .   (armour unavailable)
rPois   +          Reflect  .   (helmet currently unavailable)
rElec   .          Harm     .   (cloak currently unavailable)
rCorr   .          Rampage  .   (gloves currently unavailable)
Will    .....      NoTele   +   (boots currently unavailable)
Stlth   ++........              i - amulet of faith
HPRegen 0.22/turn               e - ring of positive energy
MPRegen 0.12/turn               (no ring)

@: tree-form, wereblooded
A: stationary, stasis, torment immunity, boosted hp, AC +6, unfitting armour,
(cold-blooded)
a: no special abilities


You were on level 4 of the Dungeon.
You were a tree.
You visited 1 branch of the dungeon, and saw 4 of its levels.

You collected 25 gold pieces.

Inventory:

Hand Weapons
 o - a +0 vorpal long sword (weapon)
Missiles
 m - 16 poisoned darts (quivered)
Armour
 j - a +0 pair of gloves (melded)
 l - a +0 pair of boots (melded)
Jewellery
 e - a ring of positive energy (left branch)
 h - a ring of ice
 i - an amulet of faith (around neck)
Scrolls
 c - a scroll of fog
 k - a scroll of immolation


   Skills:
 + Level 1.9 Fighting
 * Level 1.9 Long Blades
 * Level 1.3 Throwing
 + Level 2.1 Dodging
 + Level 1.6 Stealth
 + Level 3.8 Unarmed Combat
 + Level 3.0 Spellcasting
 + Level 2.7 Transmutations
 * Level 0.6 Fire Magic
 * Level 1.6 Poison Magic


You had 2 spell levels left.
You knew the following spells:

 Your Spells              Type           Power      Damage    Failure   Level
a - Beastly Appendage     Tmut           20%        N/A       7%          1
b - Wereblood             Tmut           10%        N/A       10%         2
c - Spider Form           Tmut/Pois      4%         N/A       26%         3
d - Ignite Poison         Fire/Tmut/Pois 7%         N/A       30%         3

Your spell library contained the following spells:

 Spells                   Type           Power      Damage    Failure   Level
 Conjure Flame            Conj/Fire      3%         6-21      45%         3
 Ice Form                 Ice/Tmut       6%         N/A       75%         4
 Sticky Flame             Conj/Fire      3%         2d3       86%         4


Dungeon Overview and Level Annotations

Branches:
Dungeon (4/15)
 Temple: D:4-7

Altars:


Innate Abilities, Weirdness & Mutations

You are a tree.
Your roots penetrate the ground, keeping you stationary.
You cannot be teleported.
You are immune to unholy pain and torment.
Your maximum health is greatly increased.
Your equipment is partially melded.
((Your plain brown scales are hard. (AC +6)))
You cannot fit into any form of body armour.
((You are cold-blooded and may be slowed by cold attacks.))


Message History

* * * LOW HITPOINT WARNING * * *
The wight hits you but does no damage. x2
You slash the wight!
You feel a bit better.
You destroy the wight!
The wight hits you from afar with a +0 trident.
* * * LOW HITPOINT WARNING * * *
Your Spellcasting skill increases to level 3!
You have reached level 6!
Your experience leads to an increase in your attributes!
Increase (S)trength, (I)ntelligence, or (D)exterity?
You feel stronger.
Your scales feel tougher.
You aren't carrying any potions.
Throw: 2 javelins
Press: ? - help, Q - select action, (/) - cycle Shift-Dir - straight line, f - wight
Aim: a wight, wielding a +0 trident and wearing a +0 robe (56% to hit)
You throw a javelin.
The javelin pierces through the wight but does no damage.
You creak as the wereblood boils in your veins!
You hear a shout!
A goblin comes into view. It is wielding a +0 dagger.
The wight hits you but does no damage.
Throw: javelin
Press: ? - help, Q - select action, (/) - cycle Shift-Dir - straight line, f/p - wight
Aim: a wight, wielding a +0 trident and wearing a +0 robe (56% to hit)
You throw a javelin. The javelin pierces through the wight!
The wight is heavily damaged.
The wight hits you but does no damage. x2
Okay, then.
The wight hits you but does no damage.
You creak as the wereblood boils in your veins!
The wight hits you from afar with a +0 trident!
* * * LOW HITPOINT WARNING * * *
Your magical contamination has completely faded away.
The wight hits you but does no damage.
You slash the goblin!
You feel a bit better.
You kill the goblin!
The wight hits you but does no damage.
Okay, then.
The wight hits you from afar with a +0 trident.
You die...

#.. ###..# #.# ....#
########.# #...#
.........# #...#
.#........ #...#
.#..##.... #...#
#.#......##
#..)######........##
#..♣.z)...(.......#.
#....####..#......#.
..............##.......
........................
............$.........#.
#####..........#.##...#.
#...#####.(.......#.
#?..# #.##.##.#.##
#.......#.##


You could see a wight.

Vanquished Creatures
  3 wights (D:4)
  A howler monkey (D:4)
  4 adders
  3 worms (D:2)
  A dart slug (D:2)
  2 orcs (D:3)
  5 ball pythons
  7 bats
  8 endoplasms
  A giant cockroach (D:1)
  9 hobgoblins
  A jackal (D:2)
  5 frilled lizards
  12 goblins
  9 kobolds
  7 rats
78 creatures vanquished.

Notes
Turn   | Place    | Note
-------+----------+-------------------------------------------
     0 | D:1      | mg7810 the Draconian Transmuter began the quest for the
                  | Orb.
     0 | D:1      | Reached XP level 1. HP: 16/16 MP: 3/3
   215 | D:1      | Reached XP level 2. HP: 23/23 MP: 3/5
   218 | D:1      | Learned a level 2 spell: Wereblood
   955 | D:1      | Reached skill level 1 in Stealth
   955 | D:1      | Reached XP level 3. HP: 28/28 MP: 4/6
   959 | D:1      | Learned a level 3 spell: Spider Form
  1920 | D:2      | Found a faded altar of an unknown god.
  2341 | D:2      | Reached XP level 4. HP: 29/35 MP: 6/8
  3368 | D:3      | Reached skill level 1 in Poison Magic
  3936 | D:4      | Reached skill level 1 in Throwing
  3936 | D:4      | Reached XP level 5. HP: 38/41 MP: 6/9
  4083 | D:4      | Learned a level 3 spell: Ignite Poison
  4109 | D:4      | Reached skill level 1 in Long Blades
  4135 | D:4      | Reached XP level 6. HP: 7/48 MP: 7/10
  4138 | D:4      | HP: 1/72 [wight (7)]
  4141 | D:4      | Slain by a wight

Illustrated notes

Levels and vault maps discovered:
D:1:      shiori_shiawase, layout_loops_cross
D:2:      layout_basic, shapermc_ecumenical_altar_starsandcircs, minmay_puff
D:3:      layout_basic
D:4:      layout_loops_cross

Skill      XL: |  1  2  3  4  5 |
---------------+----------------+-----
Stealth        | 1 |  1.6
Poison Magic   | 1 |  1.6
Dodging        | 2 |  2.1
Throwing       | 1 |  1.3
Long Blades    | 1 |  1.9
Spellcasting   | 3 |  3.0
Fighting       | |  1.9
Unarmed Combat | |  3.8
Transmutations | |  2.7
Fire Magic     | |  0.6

Action                   |  1- 3 |  4- 6 || total
-------------------------+-------+-------++-------
Melee: Unarmed           |   144 |    42 ||   186
       Kick              |     7 |     9 ||    16
       Headbutt          |     5 |     9 ||    14
       Tailslap          |     8 |     8 ||    16
       Punch             |     2 |     1 ||     3
       Long sword        |       |    79 ||    79
Throw: Javelin           |       |     2 ||     2
 Cast: Beastly Appendage |    21 |     7 ||    28
       Wereblood         |     4 |     4 ||     8
  Use: Potion            |     1 |     4 ||     5
       Scroll            |       |     8 ||     8
 Stab: Sleeping          |     4 |       ||     4
       Invisible         |       |     3 ||     3
Armor: Skin              |    38 |    43 ||    81
Dodge: Dodged            |    73 |    76 ||   149

Table legend: (Time is in decaauts)
 A = Elapsed time spent in this place.
 B = Non-inter-level travel time spent in this place.
 C = Inter-level travel time spent in this place.
 D = Time resting spent in this place.
 E = Time spent auto-exploring this place.
 F = Levels seen in this place.
 G = Mean time per level.
                   A        B        C        D        E       F      G
               +--------+--------+--------+--------+--------+-----+--------+
         Total |   4161 |   4055 |    106 |      0 |   3169 |   4 | 1040.2 |
       Dungeon |   4161 |   4055 |    106 |      0 |   3169 |   4 | 1040.2 |
               +--------+--------+--------+--------+--------+-----+--------+

Top non-repeatable levels by time:
     D:2: 1727 daAuts
     D:1: 1081 daAuts
     D:3: 1074 daAuts
     D:4: 277 daAuts
